 Crawl Stoat Soup version 0.23-s2-97-g5268438 (webtiles) character file.

16 senlim the Covered (level 2, 27/27 HPs)
             Began as a Minotaur Fighter on Feb 16, 2022.
             Quit the game on level 1 of the Dungeon on Dec 5, 2022.
             The game lasted 00:01:40 (322 turns).

senlim the Covered (Minotaur Fighter)                Turns: 322, Time: 00:01:41

Health: 27/27      AC:  7    Str: 20    XL:     2   Next: 37%
Magic:  1/1        EV:  7    Int:  5    God:
Gold:   30         SH:  9    Dex:  9    Spells: 1/1 levels left

rFire    . . .     SeeInvis .   a - +0 war axe
rCold    . . .     Gourm    .   c - +0 shield
rNeg     . . .     Faith    .   b - +0 scale mail
rPois    .         Spirit   .   (helmet restricted)
rElec    .         Warding  .   (no cloak)
rCorr    .         Reflect  .   (no gloves)
MR       .....     Harm     .   (no boots)
Stlth    ..........             (no amulet)
HPRegen  0.09/turn              (no ring)
MPRegen  0.07/turn              (no ring)

@: no status effects
A: retaliatory headbutt, horns 2
a: no special abilities


You were on level 1 of the Dungeon.
You were not hungry.

You visited 1 branch of the dungeon, and saw 1 of its levels.

You collected 30 gold pieces.

Inventory:

Hand Weapons
 a - a +0 war axe (weapon)
Armour
 b - a +0 scale mail (worn)
 c - a +0 shield (worn)
Scrolls
 e - a scroll of identify
Potions
 d - a potion of might
 g - a potion of agility {unknown}
Comestibles
 f - a bread ration


   Skills:
 + Level 3.9 Fighting
 + Level 2.5 Axes
 + Level 4.0 Armour
 + Level 4.0 Shields


You had one spell level left.
You didn't know any spells.
Your spell library was empty.

Dungeon Overview and Level Annotations

Branches:
Dungeon (1/15)

Altars:


Innate Abilities, Weirdness & Mutations

You reflexively headbutt those who attack you in melee.
You have a pair of horns on your head.


Message History

You closely miss the goblin. The goblin barely misses you.
The goblin hits you but does no damage.
You barely miss the goblin. You headbutt the goblin.
You kill the goblin!
Your Shields skill increases to level 4!
No target in view!
No target in view!
You see here a dagger.
HP restored.
A bat comes into view.
The teleport trap disappears.
The bat disappears!
The bat moves out of view.
You open the door.
There is an open door here.
You open the door.
There is an open door here.
Found a robe.
Saving game... please wait.
Welcome back, senlim the Minotaur Fighter.
Press ? for a list of commands and other information.
Are you sure you want to abandon this character and quit the game? (Confirm with "yes".)

#.#.#.#....###.#.# ##'##
#..#.#.#.#.......# ##...##
#.....)..#.......# ##.....##
...##...#######.###
##.......## ...
#.########...####.........##
... ...
............'.........'. .
..##.
#####...####.........## ..
.. ##.## ##.......## . # #@#
##.....## #[......#
##...##### #.##.##.#
##(...... # #.# # #..#####
..# #..# # ### ####..### #
#.......# # #.......# #
#.#...#.###


There were no monsters in sight!

Vanquished Creatures
  An ooze (D:1)
  A bat (D:1)
  A giant cockroach (D:1)
  A goblin (D:1)
  A hobgoblin (D:1)
  A jackal (D:1)
  2 frilled lizards (D:1)
  3 kobolds (D:1)
  A rat (D:1)
12 creatures vanquished.

Notes
Turn   | Place    | Note
-------+----------+-------------------------------------------
     0 | D:1      | senlim the Minotaur Fighter began the quest for the Orb.
     0 | D:1      | Reached XP level 1. HP: 19/19 MP: 0/0
   155 | D:1      | Reached XP level 2. HP: 26/27 MP: 1/1
   182 | D:1      | Upgraded the game from 0.22-s0-48-g64bc621 to
                  | 0.23-s2-97-g5268438
   322 | D:1      | Quit the game

Vault maps used:
D:1:      minmay_arrival_checkered_box, minmay_tiny_reverse_x

Skill      XL: |  1  2 |
---------------+-------+-----
Armour         | 4 |  4.0
Shields        | 4 |  4.0
Fighting       | |  3.9
Axes           | |  2.5

Action                   || total
-------------------------++-------
Melee: War axe           ||    32
       Headbutt          ||     6
  Use: Scroll            ||     2
Armor: Scale mail        ||    15
Dodge: Dodged            ||     9
Block: Shield            ||    30

Table legend:
 A = Spawn XP
 B = Non-spawn XP
 C = Spawn XP percentage of total XP
 D = Spawn monster count
 E = Non-spawn monster count
 F = Spawn count percentage of total count
 G = Total turns spent on level
                    A         B        C        D         E        F      G
               +---------+---------+-------+---------+---------+-------+---------
         Total |       0 |      23 |   0.0 |       0 |      12 |   0.0 |   322
               +---------+---------+-------+---------+---------+-------+---------
           D:1 |       0 |      23 |   0.0 |       0 |      12 |   0.0 |   322
               +---------+---------+-------+---------+---------+-------+---------
